General information
- name: BNet
- type: Ladder team game (AT/RT)
- host: Battle.net
- saver: MMM_EVERY_GAME
map: Friends
- players: 8
- length: 21:28
- speed: Fast
- version: 1.25 W3XP
- replay type: Public
» download(162 KB)
Players
team 1 (winner)

»
Mandoline (
purple | 91 APM | 1964 actions | 21:28)
7 Goblin Tinker
3 Pocket Factory
3 Engineering Upgrade
1 Robo-Goblin
» actions
| Assign group hotkey | 50 | |
| Basic commands | 278 | |
| Build / train | 71 | |
| ESC pressed | 2 | |
| Enter build submenu | 17 | |
| Enter hero's abilities submenu | 7 | |
| Right click | 577 | |
| Select / deselect | 280 | |
| Select group hotkey | 593 | |
| Use ability | 89 | |
1964 total
» units
| Wisp | 10 | |
| Archer | 9 | |
| Huntress | 9 | |
| Forest Troll Berserker | 3 | |
| Forest Troll Shadow Priest | 4 | |
| Ogre Mauler | 1 | |
| Mud Golem | 2 | |
| Dryad | 8 | |
46 total
» upgrades
| Abolish Magic | 1 | |
| Druid of the Claw Training | 2 | |
| Strength of the Wild | 1 | |
4 total
» buildings
| Ancient of War | 2 | |
| Moon Well | 7 | |
| Altar of Elders | 1 | |
| Hunter's Hall | 1 | |
| Tree of Ages | 2 | |
| Tree of Eternity | 1 | |
| Ancient of Lore | 2 | |
| Ancient of Wonders | 1 | |
| Tree of Life | 1 | |
18 total
» build order
00:23 Ancient of War
00:29 Moon Well
01:19 Altar of Elders
01:22 Moon Well
02:29 Hunter's Hall
02:48 Ancient of War
03:31 Moon Well
05:01 Moon Well
11:29 Tree of Ages
13:52 Tree of Eternity
13:53 Ancient of Lore
13:54 Ancient of Lore
16:28 Ancient of Wonders
19:50 Moon Well
19:50 Moon Well
19:51 Moon Well
19:57 Tree of Life
» items
| Potion of Healing | 1 | |
| Orb of Venom | 1 | |
| Potion of Mana | 1 | |
| Staff of Preservation | 1 | |
| Lesser Clarity Potion | 1 | |
5 total

»
QUAKECRTS4o9000 (
pink | 69 APM | 1477 actions | 21:28)
7 Paladin
3 Holy Light
2 Divine Shield
2 Devotion Aura
» actions
| Assign group hotkey | 127 | |
| Basic commands | 51 | |
| Build / train | 106 | |
| ESC pressed | 4 | |
| Enter build submenu | 17 | |
| Enter hero's abilities submenu | 7 | |
| Remove unit from queue | 1 | |
| Right click | 769 | |
| Select / deselect | 160 | |
| Select group hotkey | 154 | |
| Use ability | 81 | |
1477 total
» units
| Peasant | 7 | |
| Footman | 22 | |
| Mortar Team | 4 | |
| Flying Machine | 44 | |
77 total
» upgrades
| Defend | 1 | |
| Gunpowder | 2 | |
| Armor | 1 | |
| Plating | 1 | |
| Flak Cannons | 1 | |
| Flying Machine Bombs | 1 | |
7 total
» buildings
| Barracks | 2 | |
| Farm | 7 | |
| Scout Tower | 1 | |
| Altar of Kings | 1 | |
| Arcane Tower | 2 | |
| Arcane Vault | 1 | |
| Keep | 1 | |
| Blacksmith | 1 | |
| Workshop | 3 | |
| Castle | 1 | |
20 total
» build order
00:23 Barracks
00:36 Farm
00:52 Barracks
01:25 Farm
01:43 Scout Tower
02:06 Altar of Kings
02:30 Arcane Tower
02:59 Farm
03:04 Farm
04:23 Arcane Vault
04:27 Farm
04:30 Farm
06:10 Farm
08:34 Keep
11:09 Blacksmith
12:53 Workshop
12:55 Workshop
12:58 Workshop
17:31 Castle
18:19 Arcane Tower
» items
| Scroll of Regeneration | 2 | |
| Lesser Clarity Potion | 3 | |
| Mechanical Critter | 1 | |
| Potion of Healing | 1 | |
| Ivory Tower | 1 | |
| Scroll of Town Portal | 1 | |
9 total

»
WhosGotTheMota (
blue | 39 APM | 829 actions | 21:28)
6 Archmage
3 Summon Water Elemental
2 Brilliance Aura
1 Mass Teleport
1 Mountain King
1 Storm Bolt
» actions
| Build / train | 84 | |
| Enter build submenu | 25 | |
| Enter hero's abilities submenu | 7 | |
| Remove unit from queue | 2 | |
| Right click | 378 | |
| Select / deselect | 285 | |
| Use ability | 48 | |
829 total
» units
| Peasant | 9 | |
| Footman | 20 | |
| Mortar Team | 1 | |
| Priest | 4 | |
| Knight | 6 | |
| Siege Engine | 9 | |
| Sorceress | 2 | |
51 total
» upgrades
| Defend | 1 | |
| Gunpowder | 2 | |
| Armor | 1 | |
| Flare | 1 | |
| Priest Training | 2 | |
| Plating | 1 | |
| Barrage | 1 | |
| Fragmentation Shards | 1 | |
| Sorceress Training | 1 | |
| Masonry | 1 | |
12 total
» buildings
| Altar of Kings | 1 | |
| Farm | 10 | |
| Barracks | 1 | |
| Lumber Mill | 2 | |
| Keep | 1 | |
| Blacksmith | 2 | |
| Castle | 1 | |
| Workshop | 3 | |
| Arcane Sanctum | 1 | |
| Arcane Vault | 1 | |
23 total
» build order
00:44 Altar of Kings
00:49 Farm
00:58 Barracks
01:13 Farm
01:49 Farm
02:06 Farm
02:33 Farm
02:47 Farm
03:02 Farm
03:15 Farm
03:48 Lumber Mill
05:19 Lumber Mill
07:07 Keep
07:15 Blacksmith
10:07 Castle
10:11 Workshop
10:13 Workshop
10:16 Arcane Sanctum
12:15 Farm
14:31 Arcane Vault
14:43 Farm
18:41 Blacksmith
20:26 Workshop
» items
| Potion of Healing | 4 | |
| Scroll of Town Portal | 4 | |
8 total
SS4Link (
green | 21 APM | 455 actions | 21:28)
3 Blademaster
1 Wind Walk
2 Critical Strike
» actions
| Basic commands | 3 | |
| Build / train | 49 | |
| Enter build submenu | 17 | |
| Enter hero's abilities submenu | 3 | |
| Remove unit from queue | 2 | |
| Right click | 157 | |
| Select / deselect | 201 | |
| Use ability | 23 | |
455 total
» units
| Peon | 6 | |
| Grunt | 23 | |
| Troll Headhunter/Berserker | 11 | |
40 total
» upgrades
» buildings
| Orc Burrow | 10 | |
| Altar of Storms | 2 | |
| Barracks | 2 | |
| War Mill | 1 | |
| Stronghold | 1 | |
| Fortress | 1 | |
| Beastiary | 1 | |
18 total
» build order
00:05 Orc Burrow
00:19 Altar of Storms
00:30 Barracks
00:42 Orc Burrow
00:43 Orc Burrow
02:38 Barracks
03:11 Orc Burrow
04:04 Altar of Storms
14:39 Orc Burrow
14:40 Orc Burrow
14:43 Orc Burrow
14:43 Orc Burrow
14:49 Orc Burrow
14:49 Orc Burrow
15:48 War Mill
15:50 Stronghold
18:19 Fortress
18:25 Beastiary
team 2 (loser)

»
NoOneCaresObama (
yellow | 179 APM | 2557 actions | 14:14)
5 Far Seer
2 Feral Spirit
3 Chain Lighting
» actions
| Assign group hotkey | 156 | |
| Basic commands | 382 | |
| Build / train | 45 | |
| ESC pressed | 1 | |
| Enter build submenu | 16 | |
| Enter hero's abilities submenu | 5 | |
| Right click | 1037 | |
| Select / deselect | 532 | |
| Select group hotkey | 246 | |
| Use ability | 137 | |
2557 total
» units
» upgrades
| Berserker Strength | 1 | |
| Melee Weapons | 1 | |
2 total
» buildings
| War Mill | 1 | |
| Orc Burrow | 4 | |
| Altar of Storms | 1 | |
| Voodoo Lounge | 3 | |
| Barracks | 2 | |
| Stronghold | 1 | |
12 total
» build order
00:24 War Mill
00:29 Orc Burrow
00:44 Altar of Storms
01:27 Orc Burrow
01:45 Voodoo Lounge
01:45 Voodoo Lounge
02:41 Orc Burrow
03:41 Barracks
04:05 Barracks
04:56 Stronghold
06:11 Orc Burrow
10:49 Voodoo Lounge
» items
| Lesser Clarity Potion | 2 | |
| Healing Salve | 1 | |
3 total
MMM_EVERY_GAME (
orange | 77 APM | 1652 actions | 21:28)
6 Dark Ranger
3 Black Arrow
3 Silence
4 Priestess of the Moon
2 Trueshot Aura
2 Searing Arrows
3 Beastmaster
2 Summon Quilbeast
1 Summon Hawk
» actions
| Assign group hotkey | 65 | |
| Basic commands | 96 | |
| Build / train | 68 | |
| ESC pressed | 1 | |
| Enter build submenu | 16 | |
| Enter hero's abilities submenu | 13 | |
| Give item / drop item | 2 | |
| Right click | 594 | |
| Select / deselect | 388 | |
| Select group hotkey | 342 | |
| Use ability | 67 | |
1652 total
» units
| Wisp | 10 | |
| Archer | 5 | |
| Glaive Thrower | 11 | |
| Chimaera | 4 | |
30 total
» upgrades
| Ultravision | 1 | |
| Strength of the Moon | 3 | |
| Strength of the Wild | 3 | |
| Vorpal Blades | 1 | |
| Well Spring | 1 | |
| Corrosive Breath | 1 | |
10 total
» buildings
| Altar of Elders | 1 | |
| Ancient of War | 1 | |
| Moon Well | 6 | |
| Hunter's Hall | 1 | |
| Tree of Ages | 1 | |
| Ancient of Wonders | 2 | |
| Ancient of Wind | 1 | |
| Tree of Eternity | 1 | |
| Chimaera Roost | 1 | |
15 total
» build order
00:06 Altar of Elders
00:09 Ancient of War
00:17 Moon Well
02:08 Moon Well
02:41 Moon Well
03:06 Hunter's Hall
04:51 Tree of Ages
05:09 Ancient of Wonders
05:13 Ancient of Wonders
07:14 Ancient of Wind
07:58 Tree of Eternity
11:16 Chimaera Roost
13:03 Moon Well
16:56 Moon Well
20:30 Moon Well
» items
| Potion of Healing | 4 | |
| Staff of Preservation | 2 | |
| Scroll of Town Portal | 3 | |
| Orb of Venom | 1 | |
10 total

»
hamburgertoes (
teal | 42 APM | 879 actions | 20:59)
5 Death Knight
3 Death Coil
2 Unholy Aura
» actions
| Assign group hotkey | 22 | |
| Build / train | 43 | |
| Enter build submenu | 13 | |
| Enter hero's abilities submenu | 5 | |
| Remove unit from queue | 1 | |
| Right click | 493 | |
| Select / deselect | 211 | |
| Select group hotkey | 58 | |
| Use ability | 33 | |
879 total
» units
| Acolyte | 4 | |
| Ghoul | 4 | |
| Crypt Fiend | 12 | |
| Frost Wyrm | 6 | |
| Abomination | 2 | |
28 total
» upgrades
| Creature Attack | 2 | |
| Web | 1 | |
| Creature Carapace | 1 | |
4 total
» buildings
| Ziggurat | 6 | |
| Crypt | 1 | |
| Altar of Darkness | 1 | |
| Graveyard | 1 | |
| Halls of the Dead | 1 | |
| Nerubian Tower | 1 | |
| Spirit Tower | 1 | |
| Black Citadel | 1 | |
| Sacrificial Pit | 1 | |
| Boneyard | 2 | |
| Slaughterhouse | 2 | |
18 total
» build order
00:25 Ziggurat
00:35 Crypt
00:47 Altar of Darkness
01:17 Graveyard
02:14 Ziggurat
03:17 Halls of the Dead
04:46 Ziggurat
05:22 Nerubian Tower
06:33 Spirit Tower
06:35 Black Citadel
07:23 Ziggurat
07:55 Sacrificial Pit
09:12 Boneyard
10:15 Boneyard
10:54 Ziggurat
15:30 Ziggurat
18:19 Slaughterhouse
18:20 Slaughterhouse
Better_Dead (
red | 34 APM | 340 actions | 09:57)
1 Archmage
1 Summon Water Elemental
» actions
| Assign group hotkey | 2 | |
| Basic commands | 2 | |
| Build / train | 30 | |
| Enter build submenu | 12 | |
| Enter hero's abilities submenu | 1 | |
| Right click | 189 | |
| Select / deselect | 80 | |
| Select group hotkey | 2 | |
| Use ability | 22 | |
340 total
» units
» upgrades
» buildings
| Altar of Kings | 1 | |
| Farm | 5 | |
| Barracks | 2 | |
| Lumber Mill | 1 | |
| Arcane Vault | 2 | |
| Blacksmith | 1 | |
12 total
» build order
00:45 Altar of Kings
00:57 Farm
01:03 Barracks
01:41 Farm
02:29 Farm
02:34 Lumber Mill
03:23 Arcane Vault
03:27 Farm
03:46 Barracks
06:11 Blacksmith
06:17 Arcane Vault
06:23 Farm
Chat log
(00:04 / All) NoOneCaresObama: rofl
(00:06 / All) QUAKECRTS4o9000: aw lol
(00:15 / All) NoOneCaresObama: That's what you get for living in New Zealand.
(00:19 / All) QUAKECRTS4o9000: :(
(00:21 / All) MMM_EVERY_GAME: lawl
(00:22 / All) NoOneCaresObama: You're isolated in real-life so you get isolated on the matchmaking.
(00:38 / All) hamburgertoes: im from NZ as well
(00:40 / All) MMM_EVERY_GAME: listening to d2 music, actually pretty good stuff
(00:48 / All) QUAKECRTS4o9000: blues got 7 peasants on gold
(00:52 / All) NoOneCaresObama: Yeah, Diablo II music is quite good.
(01:03 / All) MMM_EVERY_GAME: like you don't usually sit in the rogue town for that long
(01:07 / All) QUAKECRTS4o9000: i like wow music :P
(01:08 / All) MMM_EVERY_GAME: so you don't get to hear the whole thing
(01:16 / All) NoOneCaresObama: btw guys im rushing
(01:21 / All) QUAKECRTS4o9000: lut golein music annoys me
(01:22 / Allies) MMM_EVERY_GAME: kk
(01:22 / All) NoOneCaresObama: get chims
(01:23 / Allies) Better_Dead: ok i will also
(01:24 / All) hamburgertoes: ok, what base?
(01:34 / Allies) NoOneCaresObama: idk where are they
(01:38 / Allies) NoOneCaresObama: attacking there
(01:42 / Allies) hamburgertoes: lol wut
(01:47 / Allies) Better_Dead: thats not a base
(01:56 / Allies) NoOneCaresObama: attack them
(01:58 / Allies) NoOneCaresObama: they look dangerous
(01:59 / Allies) MMM_EVERY_GAME: Interesting concept.
(02:02 / Allies) hamburgertoes: i agree
(02:18 / All) QUAKECRTS4o9000: greens got a peon with a bag of gold sitting there doing nothing ><
(02:23 / Allies) NoOneCaresObama: fine gawd
(02:26 / All) hamburgertoes: thats because he is awesome
(02:27 / All) NoOneCaresObama: He'
(02:30 / All) NoOneCaresObama: He's the banker.
(02:45 / All) SS4Link: SEE
(02:46 / All) QUAKECRTS4o9000: oh btw i really hate friends map, :P
(02:57 / All) SS4Link: love u to pink
(03:23 / Allies) MMM_EVERY_GAME: suppose i'll peek at the base here
(03:53 / All) NoOneCaresObama: You're bad, pink.
(04:08 / All) QUAKECRTS4o9000: im connected form NZ to useast
(04:14 / All) QUAKECRTS4o9000: stop exploting my 600ms latency
(04:26 / All) NoOneCaresObama: Your 600ms hand-eye coordination
(05:46 / Allies) MMM_EVERY_GAME: uh oh
(05:49 / Allies) NoOneCaresObama: You good?
(05:53 / Allies) MMM_EVERY_GAME: probably not
(05:53 / Allies) NoOneCaresObama: Sorry, brb in.
(05:57 / Allies) NoOneCaresObama: Coming.
(06:01 / Allies) NoOneCaresObama: brt in 10.
(07:11 / Allies) NoOneCaresObama: brt red
(07:24 / Allies) Better_Dead: help
(07:39 / Allies) MMM_EVERY_GAME: purps
(07:40 / Allies) hamburgertoes: omw
(07:42 / Allies) MMM_EVERY_GAME: still here so ioc an't
(08:11 / Allies) MMM_EVERY_GAME: nvm he's moving too omw
(08:40 / Allies) Better_Dead: help
(08:47 / Allies) MMM_EVERY_GAME: am fighting them
(10:29 / All) SS4Link: his name told the truth
(11:17 / Allies) NoOneCaresObama: come on guys
(11:28 / All) SS4Link: i agree yellow
(11:36 / All) NoOneCaresObama: wut
(11:38 / All) Mandoline: i hope its gg?
(11:40 / All) SS4Link: ur name
(13:32 / Allies) NoOneCaresObama: gold
(13:32 / Allies) NoOneCaresObama: quick
(13:35 / Allies) MMM_EVERY_GAME: can't
(14:25 / All) MMM_EVERY_GAME: leave you lost
(15:01 / All) SS4Link: O NO NO ANIT AIR
(17:36 / All) SS4Link: SOMEONE DO SOMETHING
(17:40 / All) hamburgertoes: no deal
(17:56 / All) MMM_EVERY_GAME: oh no
(17:58 / All) MMM_EVERY_GAME: anti air
(18:00 / All) MMM_EVERY_GAME: my one weakness!
(18:08 / All) SS4Link: IK IT
(18:16 / All) SS4Link: now i can give u the antidote
(18:25 / Allies) MMM_EVERY_GAME: are you able to make anything? lol
(18:29 / Allies) MMM_EVERY_GAME: maybe some fiends or somethiN?
(18:42 / Allies) hamburgertoes: k
(18:55 / All) SS4Link: oops i droped it sorry
(20:51 / All) MMM_EVERY_GAME: k gg
(20:51 / All) MMM_EVERY_GAME: wp
(20:56 / All) hamburgertoes: ye
(21:02 / All) QUAKECRTS4o9000: lol why did ghetto quit
(21:07 / All) MMM_EVERY_GAME: he had no base